AoeStats
← Iamak3186

Arabia

503821020Analyzed
1v1 RM · 1mo ago on Sep 2, 2026· 59m 15s· 2 players
Game mode
Random Map
Map size
Tiny (2 player)
Population
200
Speed
Normal
Resources
Standard
Victory
Conquest
Starting age
Dark Age
Ending age
Imperial Age
RankedLock teamsTeams togetherTeam positionsShared explorationLock speedFull tech treeHidden civsTurbo modeCheats
Victory
Defeat
🇪🇸 Persians · Spain
1249
+14
🇮🇳 Mongols · India
1207
-14
HaRaDrIaM
5:55 Loom
9:01 Feudal Age
9:36 Double-Bit Axe
18:46 Castle Age
17:30 Bloodlines
17:37 Bloodlines
18:12 Forging
18:53 Scale Barding Armor
21:06 Husbandry
22:58 Wheelbarrow
23:15 Bow Saw
27:38 Horse Collar
29:02 Gold Mining
30:08 Bow Saw
29:51 Town Watch
30:56 Padded Archer Armor
30:46 Fletching
32:06 Leather Archer Armor
32:09 Hand Cart
32:39 Fletching
32:26 Elite Skirmisher
35:40 Imperial Age
32:54 Light Cavalry
33:32 Bodkin Arrow
35:41 Iron Casting
35:57 Ballistics
36:14 Citadels
37:27 Chemistry
35:59 Hussar
38:37 Ring Archer Armor
40:32 Blast Furnace
39:52 Chain Barding Armor
39:39 Pikeman
41:24 Heavy Camel Rider
43:08 Plate Barding Armor
42:42 Heavy Plow
51:53 Murder Holes
55:32 Pikeman
56:12 Squires
55:58 Arson
56:51 Scale Mail Armor
56:12 Halberdier
58:20 Kamandaran
Iamak3186
8:14 Feudal Age
10:03 Double-Bit Axe
10:58 Horse Collar
15:47 Loom
18:31 Castle Age
16:42 Loom
16:50 Gold Mining
17:40 Bloodlines
18:37 Scale Barding Armor
19:45 Bow Saw
24:51 Wheelbarrow
24:22 Town Watch
28:16 Heavy Plow
29:24 Stone Mining
30:27 Hand Cart
34:07 Imperial Age
34:07 Husbandry
34:52 Heavy Camel Rider
35:29 Fletching
36:00 Chain Barding Armor
36:32 Heavy Scorpion
39:11 Conscription
41:00 Bodkin Arrow
42:31 Bracer
43:01 Padded Archer Armor
42:26 Light Cavalry
47:14 Leather Archer Armor
52:12 Hoardings
54:00 Forging
Connection lost

Rejoining the realm…

Still unreachable

The connection could not be restored.

Session expired

The server has moved on; the page needs a fresh start.